 Dungeon Crawl Stone Soup version 0.21.1-1-g345015f (webtiles) character file.

11 shakethe the Grave Robber (level 2, -4/20 HPs)
             Began as a Demigod Necromancer on Feb 18, 2018.
             Slain by an ooze (5 damage)
             ... on level 1 of the Dungeon.
             The game lasted 00:02:57 (379 turns).

shakethe the Grave Robber (Demigod Necromancer)      Turns: 379, Time: 00:02:57

Health: -4/20      AC:  2    Str: 11    XL:     2   Next: 6%
Magic:  5/7        EV: 13    Int: 19    God:
Gold:   0          SH:  0    Dex: 16    Spells: 3/4 levels left

rFire    . . .     SeeInvis .   (no weapon)
rCold    . . .     Gourm    .   (no shield)
rNeg     . . .     Faith    .   a - +0 robe
rPois    .         Spirit   .   (no helmet)
rElec    .         Reflect  .   (no cloak)
rCorr    .         Harm     .   (no gloves)
MR       .....                  (no boots)
Stlth    ++........             (no amulet)
HPRegen  0.06/turn              (no ring)
MPRegen  0.10/turn              (no ring)

@: no status effects
A: high mp 1
a: no special abilities


You were on level 1 of the Dungeon.
You were not hungry.

You visited 1 branch of the dungeon, and saw 1 of its levels.

Inventory:

Hand Weapons
 d - a +0 club
   (You took it off a hobgoblin on level 1 of the Dungeon)
 e - a +0 club
   (You took it off a hobgoblin on level 1 of the Dungeon)
 h - a +0 mace
   (You found it on level 1 of the Dungeon)
Armour
 a - a +0 robe (worn)
Jewellery
 g - an uncursed ring of protection from fire {unknown}
   (You found it on level 1 of the Dungeon)
Books
 b - a book of Necromancy
Comestibles
 c - a ration
 f - a chunk of flesh {@w0}


   Skills:
 + Level 2.0 Dodging
 - Level 2.0 Stealth
 - Level 1.9 Spellcasting
 + Level 3.7 Necromancy


You had 3 spell levels left.
You knew the following spells:

 Your Spells              Type           Power        Failure   Level  Hunger
a - Pain                  Necr           ###.         3%          1    #......


Dungeon Overview and Level Annotations

Branches:
Dungeon (1/15)


Innate Abilities, Weirdness & Mutations

You have an increased reservoir of magic. (+10% MP)


Message History

The ooze writhes in agony!
You take 1 damage, and have 10/14 hp.
You now have 2/5 mp.
Aim: an ooze (severely wounded, chance to defeat MR: 73%)
The ooze writhes in agony!
You take 1 damage, and have 9/14 hp.
You now have 1/5 mp.
Aim: an ooze (severely wounded, chance to defeat MR: 73%)
The ooze writhes in agony!
The frilled lizard hisses angrily.
The ooze hits you.
You take 2 damage, and have 7/14 hp.
You now have 0/5 mp.
Really attack barehanded? [Y]es or [N]o only, please.
Really attack barehanded? [Y]es or [N]o only, please.
Really attack barehanded? [Y]es or [N]o only, please.
Really attack barehanded?
You barely miss the ooze. The ooze hits you but does no damage.
You hit the ooze.
You kill the ooze!
Your Dodging skill increases to level 2!
Your Stealth skill increases to level 2!
The dart slug is too close now for your liking.
You are too injured to fight recklessly!
You are too injured to fight recklessly!
You are too injured to fight recklessly!
You are too injured to fight recklessly!
You don't have enough magic to cast that spell.
You don't know that spell.
The frilled lizard barely misses you.
Aim: a frilled lizard (chance to defeat MR: 87%)
The frilled lizard writhes in agony!
The frilled lizard bites you.
You take 2 damage, and have 5/14 hp.
You now have 0/5 mp.
The frilled lizard barely misses you.
The frilled lizard hisses.
The dart slug launches a dart at you. The slug dart hits you!
You take 1 damage, and have 5/14 hp.
Some of the chunks of flesh in your inventory have rotted away.
The frilled lizard barely misses you. The dart slug launches a dart at you.
The slug dart hits you!
* * * LOW HITPOINT WARNING * * *
The frilled lizard barely misses you.
You take 2 damage, and have 3/14 hp.
Aim: a frilled lizard (heavily wounded, chance to defeat MR: 87%)
The frilled lizard writhes in agony!
You kill the frilled lizard!
You have reached level 2!
You now have 1/7 mp.
An ooze comes into view.
The ooze quivers.
A goblin comes into view. It is wielding a club.
A kobold comes into view.
The kobold shouts!
Aim: an ooze (chance to defeat MR: 75%)
The ooze struggles to resist.
You take 1 damage, and have 5/20 hp.
You now have 3/7 mp.
You don't know that spell.
The ooze barely misses you. The kobold hits you.
* * * LOW HITPOINT WARNING * * *
You take 3 damage, and have 2/20 hp.
The kobold misses you.
The ooze jiggles.
The ooze misses you. The ooze barely misses you. The rat bites you.
* * * LOW HITPOINT WARNING * * *
You take 2 damage, and have 1/20 hp.
Unknown command.
The rat twitches its whiskers.
MP restored: 7 As you open the door, it creaks loudly!
The rat bites you.
* * * LOW HITPOINT WARNING * * *
A giant cockroach comes into view.
You take 2 damage, and have 2/20 hp.
There is an open door here.
Aim: a rat (chance to defeat MR: 87%)
The rat writhes in agony!
You kill the rat!
You take 1 damage, and have 1/20 hp.
You now have 6/7 mp.
The ooze misses you.
Found a stone staircase leading down.
MP restored: 7 The ooze barely misses you.
A rat comes into view.
Aim: a rat (chance to defeat MR: 87%)
The rat writhes in agony!
You kill the rat!
The ooze hits you.
* * * LOW HITPOINT WARNING * * *
You take 2 damage, and have 1/20 hp.
You now have 6/7 mp.
You see here a rat corpse.
A goblin comes into view. It is wielding a dagger.
Aim: a goblin, wielding a dagger (chance to defeat MR: 87%)
The goblin writhes in agony!
The goblin hits you but does no damage. The ooze hits you.
You die...

#.#
.......
#.#
.......
#.#
.......
#K#
#####.#
#.# .#
#.#
######.#
#.JK...#
#@######
#g# #.#
#.# #.#
..# ###


You could see an ooze, a goblin and a kobold.

Vanquished Creatures
  An ooze (D:1)
  2 hobgoblins (D:1)
  3 frilled lizards (D:1)
  3 rats (D:1)
9 creatures vanquished.

Notes
Turn   | Place    | Note
-------+----------+-------------------------------------------
     0 | D:1      | shakethe the Demigod Necromancer began the quest for the Orb.
     0 | D:1      | Reached XP level 1. HP: 14/14 MP: 5/5
   204 | D:1      | Reached skill level 2 in Dodging
   204 | D:1      | Reached skill level 2 in Stealth
   234 | D:1      | HP: 3/14 [dart slug/slug dart (2)]
   235 | D:1      | Reached XP level 2. HP: 4/20 MP: 1/7
   275 | D:1      | HP: 2/20 [kobold (3)]
   293 | D:1      | HP: 1/20 [rat (2)]
   350 | D:1      | HP: 2/20 [rat (2)]
   375 | D:1      | HP: 1/20 [ooze (1)]
   379 | D:1      | Slain by an ooze

Skill      XL: |  1 |
---------------+----+-----
Dodging        | 2 |  2.0
Stealth        | 2 |  2.0
Spellcasting   | |  1.9
Necromancy     | |  3.7

Action                   || total
-------------------------++-------
Melee: Unarmed           ||     7
 Cast: Pain              ||    17
Armor: Robe              ||     2
Dodge: Dodged            ||    12

Vault maps used:
D:1:      minmay_arrival_radiant_lines

Table legend:
 A = Turns spent in this place as a percentage of turns spent in the entire game.
 B = Non-inter-level travel turns spent in this place as a percentage of non-inter-level travel turns spent in the entire game.
 C = Inter-level travel turns spent in this place as a percentage of turns spent in this place.
 D = Turns resting spent in this place as a percentage of non-inter-level travel turns spent in this place.
 E = Turns spent auto-exploring this place as a percentage of non-inter-level travel turns spent in this place.
 F = Non-inter-level travel turns spent in this place divided by the number of levels of this place that you've seen.
                   A       B       C       D       E      F
               +-------+-------+-------+-------+-------+----------------------
         Total | 100.0 | 100.0 |   0.0 |  32.7 |   5.5 | 379.0
       Dungeon | 100.0 | 100.0 |   0.0 |  32.7 |   5.5 | 379.0
               +-------+-------+-------+-------+-------+----------------------

Table legend:
 A = Kills in this place as a percentage of kills in entire the game.
 B = Kills by you in this place as a percentage of kills by you in the entire game.
 C = Kills by friends in this place as a percentage of kills by friends in the entire game.
 D = Other kills in this place as a percentage of other kills in the entire game.
 E = Experience gained in this place as a percentage of experience gained in the entire game.
 F = Experience gained in this place divided by the number of levels of this place that you have seen.
                   A       B       C       D       E      F
               +-------+-------+-------+-------+-------+----------------------
         Total | 100.0 | 100.0 |   N/A |   N/A | 100.0 |  17.0
       Dungeon | 100.0 | 100.0 |   N/A |   N/A | 100.0 |  17.0
               +-------+-------+-------+-------+-------+----------------------
